 Dungeon Crawl Stone Soup version 0.20.0-8-g6b59dc7 (webtiles) character file.

3502 ChaseSP the Cleaver (level 9, -3/74 HPs)
             Began as a Deep Dwarf Fighter on May 31, 2017.
             Was an Initiate of Makhleb.
             Slain by Sedgwick's ghost (4 damage)
             ... on level 8 of the Dungeon on June 1, 2017.
             The game lasted 00:17:09 (6093 turns).

ChaseSP the Cleaver (Deep Dwarf Fighter)            Turns: 6093, Time: 00:17:09

Health: -3/74      AC: 16    Str: 19    XL:     9   Next: 80%
Magic:  6/6        EV: 14    Int: 10    God:    Makhleb [......]
Gold:   399        SH:  2    Dex: 20    Spells: 8/8 levels left

rFire    . . .     SeeInvis .   J - +0 battleaxe
rCold    . . .     Gourm    .   (shield currently unavailable)
rNeg     . . .     Faith    .   y - +0 chain mail
rPois    .         Spirit   .   (no helmet)
rElec    .         Reflect  +   (no cloak)
rCorr    .         Harm     .   (no gloves)
MR       +....                  u - +0 pair of boots
Stlth    ..........             K - +2 amulet of reflection
Regen    0.0/turn               G - +4 ring of protection
MPRegen  0.1/turn               (no ring)

@: agile, berserk cooldown, non-regenerating, slowed, drained, very slow
A: damage resistance, heal wounds, sense surroundings 2, no regeneration
a: Heal Wounds, Renounce Religion


You were on level 8 of the Dungeon.
You worshipped Makhleb.
Makhleb was noncommittal.
You were hungry.

You visited 2 branches of the dungeon, and saw 9 of its levels.
You also visited: Ossuary.

You collected 399 gold pieces.

Inventory:

Hand Weapons
 E - a +0 flail
 J - a +0 battleaxe (weapon)
 N - the +9 whip of Nightmares {slash, +Blink Str+3}
   (You found it on level 7 of the Dungeon)

   It inflicts extra damage upon your enemies.
   It affects your strength (+3).
   It lets you blink.
Missiles
 p - 65 bolts
Armour
 c - a +0 shield
 m - a +2 ring mail of fire resistance
 u - a +0 pair of boots (worn)
 y - a +0 chain mail (worn)
Jewellery
 G - a +4 ring of protection (left hand)
 K - a +2 amulet of reflection (around neck)
Wands
 a - a wand of digging (15/24)
 B - a wand of clouds (5/9)
 H - a wand of flame (21/48)
 O - a wand of flame (33/48)
Scrolls
 k - 2 scrolls of amnesia {unknown}
 n - 5 scrolls of teleportation {unknown}
 o - 2 scrolls of enchant weapon {unknown}
 r - a scroll of remove curse
 t - 3 scrolls of immolation
 w - 2 scrolls of blinking {unknown}
 x - 2 scrolls of recharging {unknown}
 A - 2 scrolls of enchant armour {unknown}
 F - a scroll of fog {unknown}
 I - a scroll of noise {unknown}
 M - 3 scrolls of holy word {unknown}
Potions
 b - a potion of haste {unknown}
 e - 6 potions of heal wounds
 i - 2 potions of invisibility
 j - 8 potions of curing
 l - 2 potions of flight
 s - 2 potions of mutation
 v - 2 potions of lignification
 z - a potion of agility
 C - 2 potions of cancellation
 D - a potion of berserk rage
Comestibles
 d - 3 meat rations
 f - 3 bread rations
 h - 5 royal jellies


   Skills:
 - Level 2.6 Fighting
 * Level 13.0 Axes
 + Level 7.6 Armour
 - Level 3.1 Dodging
 - Level 3.2 Shields


You had 8 spell levels left.
You didn't know any spells.

Dungeon Overview and Level Annotations

Branches:
Dungeon (8/15)             Temple (1/1) D:7
   Lair: D:8-11

Altars:
Ashenzari
Gozag
Makhleb
Nemelex Xobeh
Okawaru
Qazlal
Ru
Sif Muna
Trog
Zin
The Shining One

Shops:
D:6 ?

Annotations:
D:8 Sedgwick's ghost, novice MiFi


Innate Abilities, Weirdness & Mutations

You are resistant to damage.
You can heal yourself by infusing magical energy.
You passively map the area around you.
You do not regenerate.


Message History

You hit Sedgwick's ghost but do no damage.
Sedgwick's ghost is heavily damaged.
Sedgwick's ghost closely misses you. Sedgwick's ghost hits you!
* * * LOW HITPOINT WARNING * * *
You are electrocuted!
* * * LOW HITPOINT WARNING * * *
You hit Sedgwick's ghost but do no damage.
Sedgwick's ghost is heavily damaged.
Sedgwick's ghost hits you.
* * * LOW HITPOINT WARNING * * *
Your chain mail prevents you from hitting Sedgwick's ghost.
Sedgwick's ghost is heavily damaged.
Sedgwick's ghost hits you!
* * * LOW HITPOINT WARNING * * *
Sedgwick's ghost hits you but does no damage.
Unknown command.
You fail to use your ability.
Sedgwick's ghost hits you.
* * * LOW HITPOINT WARNING * * *
You are electrocuted!
You die...

* * *,,,, * ,> * ,
, * , . .# * . *
*,, ,.#.# , , ... *
*...., , * ,, ... *
, #.. * * ,
#...#########**#..,
* , ...##.......#
#Z# * *
....#...###.# #W# *
........†.#.####@#
* ,
.........!.......#
*
..........#<######
, , ..........#.# *
, * ............# *
, , ....#.......##
*, * *
.....#######.## , *
* ,
#...#..≈≈≈..#.## ,
#..#..≈...≈..#.## *
* *


You could see Sedgwick's ghost and a hound skeleton.

Vanquished Creatures
  Joseph (D:7)
  Grinder (D:6)
  Prince Ribbit (D:7)
  Sigmund (D:2)
  The ghost of Bargorn the Chopper, an amateur MiFi (D:3)
  Eustachio (D:6)
  Menkaure (D:4)
  Edmund (D:6)
  Duvessa (D:6)
  An ice beast (D:5)
  A phantom (D:4)
  An orc warrior (D:6)
  3 ogres (D:5)
  A centaur (D:7)
  2 bullfrogs (D:7)
  Dowan (D:6)
  5 wights (D:7)
  4 crimson imps
  A bullfrog zombie (D:5)
  3 centaur zombies
  5 hounds
  A human zombie (Ossuary)
  A jelly (D:5)
  2 orc priests
  A centaur skeleton (D:7)
  3 orc wizards
  Jessica (D:2)
  4 worker ants
  A hound skeleton (D:5)
  5 mummies (Ossuary)
  A gnoll (D:1)
  3 adders
  2 shadow imps
  A worm (D:2)
  3 dart slugs
  2 leopard geckos
  22 orcs
  9 giant cockroaches
  7 goblins
  14 hobgoblins
  7 jackals
  5 kobolds
  5 quokkas
  A ball python (D:4)
  12 bats
  A frilled lizard (D:2)
  2 gnoll zombies (Ossuary)
  A jackal skeleton (D:6)
  2 kobold zombies (Ossuary)
  An orc zombie (Ossuary)
  5 rats
162 creatures vanquished.

Notes
Turn   | Place    | Note
-------+----------+-------------------------------------------
     0 | D:1      | ChaseSP the Deep Dwarf Fighter began the quest for the Orb.
     0 | D:1      | Reached XP level 1. HP: 20/20 MP: 1/1
    84 | D:1      | Reached XP level 2. HP: 25/27 MP: 2/2
   232 | D:1      | Reached skill level 3 in Axes
   452 | D:1      | Reached XP level 3. HP: 20/33 MP: 3/3
   744 | D:2      | Noticed Sigmund
   755 | D:2      | Killed Sigmund
   755 | D:2      | Reached skill level 5 in Axes
   755 | D:2      | Reached skill level 5 in Armour
   755 | D:2      | Reached XP level 4. HP: 18/40 MP: 4/4
   755 | D:2      | Reached XP level 5. HP: 21/46 MP: 5/5
   803 | D:2      | Noticed Jessica
   812 | D:2      | Killed Jessica
  1119 | D:2      | Found a deep blue altar of Sif Muna.
  1120 | D:2      | Found an iron altar of Okawaru.
  1121 | D:2      | Found a shattered altar of Ashenzari.
  1193 | D:2      | Reached skill level 1 in Dodging
  1334 | D:3      | Reached XP level 6. HP: 49/55 MP: 6/6
  1625 | D:3      | Noticed Bargorn's ghost (amateur MiFi)
  1638 | D:3      | Killed Bargorn's ghost
  1638 | D:3      | Reached skill level 6 in Axes
  1638 | D:3      | Reached XP level 7. HP: 4/61 MP: 7/7
  1730 | D:3      | Found a faded altar of an unknown god.
  2013 | D:3      | Found a glowing silver altar of Zin.
  2305 | D:4      | Found a sand-covered staircase.
  2327 | Ossuary  | Entered an ossuary
  2372 | Ossuary  | Reached skill level 7 in Axes
  2987 | D:4      | Reached skill level 8 in Axes
  3129 | D:4      | Noticed Menkaure
  3140 | D:4      | Killed Menkaure
  3140 | D:4      | Reached skill level 9 in Axes
  3140 | D:4      | Reached XP level 8. HP: 15/68 MP: 6/6
  3359 | D:5      | Entered Level 5 of the Dungeon
  3574 | D:5      | Reached skill level 10 in Axes
  3651 | D:5      | Found a bloodstained altar of Trog.
  4319 | D:6      | Noticed Grinder
  4342 | D:6      | Killed Grinder
  4342 | D:6      | Reached skill level 11 in Axes
  4431 | D:6      | Found Zoipn's Magic Scroll Emporium.
  4566 | D:6      | Gained mutation: You passively map the area around you. [Deep Dwarf growth]
  4566 | D:6      | Reached XP level 9. HP: 66/74 MP: 7/7
  4596 | D:6      | Noticed Duvessa
  4597 | D:6      | Noticed Dowan
  4609 | D:6      | Killed Dowan
  4611 | D:6      | Killed Duvessa
  4869 | D:6      | Noticed Edmund
  4890 | D:6      | Killed Edmund
  5074 | D:6      | Noticed Eustachio
  5115 | D:6      | Killed Eustachio
  5137 | D:7      | Reached skill level 12 in Axes
  5157 | D:7      | Noticed Joseph
  5183 | D:7      | Killed Joseph
  5223 | D:7      | Found a staircase to the Ecumenical Temple.
  5261 | Temple   | Entered the Ecumenical Temple
  5388 | Temple   | Became a worshipper of Makhleb the Destroyer
  5426 | D:7      | Got a pitted whip
  5428 | D:7      | Identified the +9 whip of Nightmares {slash, +Blink Str+3} (You found it on level 7 of the Dungeon)
  5517 | D:7      | Noticed Prince Ribbit
  5535 | D:7      | Killed Prince Ribbit
  5724 | D:7      | Reached skill level 13 in Axes
  6027 | D:8      | Found a sacrificial altar of Ru.
  6070 | D:8      | Noticed Sedgwick's ghost (novice MiFi)
  6092 | D:8      | HP: 2/74 [Sedgwick's ghost (5)]
  6093 | D:8      | Slain by Sedgwick's ghost

Skill      XL: |  1  2  3  4  5  6  7  8  9 |
---------------+----------------------------+-----
Axes           | 3 5 6 9 11 13 | 13.0
Armour         | 4 5 7 |  7.6
Dodging        | 1 3 |  3.1
Fighting       | |  2.6
Shields        | |  3.2

Action                   |  1- 3 |  4- 6 |  7- 9 || total
-------------------------+-------+-------+-------++-------
Melee: War axe           |    75 |   107 |   298 ||   480
       Battleaxe         |       |       |   224 ||   224
 Abil: Heal Wounds       |       |     2 |    12 ||    14
  Use: Potion            |     1 |     1 |     6 ||     8
       Scroll            |       |       |    16 ||    16
  Eat: Chunk             |       |     3 |    10 ||    13
       Bread ration      |       |       |     1 ||     1
Armor: Scale mail        |    31 |       |       ||    31
       Ring mail         |       |    50 |    27 ||    77
       Chain mail        |       |       |   165 ||   165
Dodge: Dodged            |    17 |    49 |   177 ||   243
Block: Shield            |    32 |    65 |   123 ||   220
       Other             |       |       |     7 ||     7
